Map: Artillería pesada EE

Players

MrFercho - Winner!

  • Race: Zerg Zerg
  • League: Silver
  • Spawn Location: 7:00

TATORREA - Winner!

  • Race: Protoss Protoss
  • League: Silver
  • Spawn Location: 7:00

Fenix

  • Race: Protoss Protoss
  • Spawn Location: 3:00

JoPedro

  • Race: Terran Terran
  • Spawn Location: 1:00

VOD

Have the link to the VOD?

Description

Time

  • Played on: May 30, 2020, 7:03 p.m.
  • Length: 8:00
Show
View Real Time Build Order
Export as new Build Order

MrFercho Zerg - Winner!

Build Orders: Hatch First 

Get SALT Encoding   

  12  0:03  Drone  
  13  0:13  Drone  
  14  0:54  Hatchery  
  14  0:55  Spawning Pool  
  12  0:59  Extractor, Drone  
  12  1:02  Extractor  
  12  1:03  Drone  
  12  1:21  Drone x2  
  14  1:25  Overlord  
  14  1:45  Queen  
  16  2:03  Drone x3  
  16  2:07  Zergling x2  
  20  2:33  Hatchery  
  19  2:37  Drone x2  
  21  2:45  Metabolic Boost  
  21  3:01  Evolution Chamber  
  20  3:08  Drone x2  
  20  3:09  Drone x2  
  24  3:28  Zerg Melee Weapons Level 1  
  24  3:34  Zergling x8  
  28  3:42  Overlord  
  28  3:44  Overlord  
  28  3:53  Drone  
  29  4:01  Pneumatized Carapace  
  29  4:08  Zergling x6  
  29  4:09  Zergling x2  
  33  4:21  Drone x3  
  33  5:33  Zergling x12  
  39  5:37  Drone x3  
  42  5:55  Lair  
  42  6:54  Overseer  
  42  7:45  Hydralisk Den  
  42  7:47  Spire  
Show
View Real Time Build Order
Export as new Build Order

TATORREA Protoss - Winner!

Build Orders:  

Get SALT Encoding   

  12  0:02  Probe  
  13  0:25  Probe  
  14  0:33  Pylon  
  14  0:37  Probe  
  15  0:51  Probe  
  16  1:05  Gateway, Probe  
  16  1:08  Gateway  
  17  1:18  Probe  
  18  1:21  Assimilator  
  18  1:26  Pylon  
  18  1:30  Probe  
  19  1:42  Probe  
  20  1:47  Assimilator  
  20  1:54  Probe  
  21  2:08  Cybernetics Core  
  21  2:12  Probe  
  21  2:15  Nexus  
  22  2:30  Probe  
  22  2:35  Pylon  
  23  2:38  Pylon  
  23  2:42  Probe  
  24  2:54  Stalker x2 (Chrono Boost)  
  24  2:58  Warp Gate  
  28  2:59  Probe  
  29  3:12  Gateway, Probe  
  30  3:21  Stalker (Chrono Boost)  
  30  3:26  Stalker (Chrono Boost)  
  34  3:29  Probe  
  34  3:31  Probe  
  37  4:02  Probe  
  37  4:03  Probe  
  37  4:04  Gateway  
  37  4:06  Gateway  
  37  4:09  Twilight Council  
  38  4:14  Pylon  
  38  4:15  Probe x2  
  40  4:27  Probe x2  
  42  4:39  Probe x2  
  44  4:59  Stalker  
  46  5:00  Stalker x2  
  46  5:06  Stalker x2  
  54  5:29  Charge  
  52  5:36  Robotics Facility, Probe x2  
  54  5:43  Assimilator  
  54  5:44  Stalker x2  
  54  5:45  Stalker x3  
  54  5:47  Assimilator  
  54  5:48  Probe x2  
  62  6:00  Probe x2  
  64  6:12  Probe  
  64  6:13  Probe  
  66  6:32  Stalker x2  
  70  6:44  Pylon  
  70  6:48  Pylon  
  70  6:52  Pylon  
  70  6:55  Pylon  
  70  7:02  Warp Prism  
  70  7:03  Probe  
  70  7:04  Probe, Nexus  
  74  7:16  Probe x2  
  76  7:28  Probe x2  
  78  7:38  Observer  
  78  7:40  Probe  
  80  7:46  Stalker  
  80  7:47  Stalker x4  
Show
View Real Time Build Order
Export as new Build Order

Fenix Protoss 

Build Orders:  

Get SALT Encoding   

  12  3:28  Pylon, Probe  
  13  3:40  Probe  
  14  3:46  Assimilator  
  14  3:52  Probe  
  15  3:58  Forge  
  15  4:04  Probe  
  16  4:27  Pylon  
  16  4:40  Photon Cannon  
  16  4:48  Photon Cannon  
  16  5:02  Pylon  
  14  5:26  Pylon  
    5:43  Probe  
  1  6:17  Probe  
Show
View Real Time Build Order
Export as new Build Order

JoPedro Terran 

Build Orders:  

Get SALT Encoding   

  12  0:03  SCV  
  13  0:44  Supply Depot  
  13  0:53  Supply Depot  
  13  1:00  Supply Depot  
  13  1:07  Supply Depot  
  13  1:15  Refinery  
  13  1:19  Refinery  
  13  1:29  Barracks  
  13  1:49  Engineering Bay  
  13  1:51  Barracks  
  13  2:18  Barracks Tech Lab  
  13  2:48  Barracks Reactor  
  13  3:36  Marine  
  14  3:48  Marine  
  15  3:54  Marine  
  16  4:06  Marine  
  16  4:08  Factory  
  17  4:11  Marine  
  18  4:19  Missile Turret  
  18  4:23  Marine  
  19  4:29  Marine  
  20  4:41  Marine  
  16  4:47  Marine  
  11  4:59  Marine  
  8  5:05  Marine  
  8  5:07  Widow Mine  
  10  5:23  Marine  
Tags
 
Add a new tag
Caveats
  • Supply blocks, unpowered buildings, or Contaminate may cause inaccurate times.
  • Supply counts are checked every 10 seconds.